 Seeded DCSS version 0.29-a0-352-g0917bc69df (webtiles) character file.

Game seed: 1711547067163246228 (custom seed)

76393 Zonian the Spear-Bearer (level 15, -1/115 HPs)
             Began as a Gnoll Ice Elementalist on Apr 24, 2022.
             Was a High Priest of Dithmenos.
             Killed from afar by a lightning spire (12 damage)
             ... with a bolt of electricity
             ... summoned by Olebroam's ghost
             ... on level 6 of the Lair of Beasts on Apr 25, 2022.
             The game lasted 01:07:39 (24154 turns).

Zonian the Spear-Bearer (Gnoll Ice Elementalist)   Turns: 24154, Time: 01:07:40

Health: -1/115     AC: 26    Str: 10    XL:     15   Next: 53%
Magic:  22/30      EV: 17    Int: 22    God:    Dithmenos [*****.]
Gold:   1097       SH:  6    Dex: 14    Spells: 8/36 levels left

rFire   . . .      SeeInvis .   V - +6 demon blade (protect)
rCold   . . .      Faith    .   p - +0 buckler {AC+3}
rNeg    + . .      Spirit   .   r - +1 robe of Vines {NoPotionHeal Regen++++}
rPois   .          Reflect  .   m - +1 helmet
rElec   .          Harm     .   n - +0 cloak
rCorr   .          Rampage  .   (no gloves)
Will    +....                   g - +1 pair of boots
Stlth   +++++++...              a - amulet of magic regeneration
HPRegen 3.49/turn               o - +4 ring of protection
MPRegen 0.62/turn               e - ring "Biacs" {rN+ Int+4}

@: ice-armoured, very slightly contaminated, wreathed by umbra, studying
Polearms
A: fangs 1, strong nose, distributed training
a: Renounce Religion, Shadow Step, Shadow Form


You were on level 6 of the Lair of Beasts.
You worshipped Dithmenos.
Dithmenos was extremely pleased with you.
You visited 3 branches of the dungeon, and saw 17 of its levels.

You collected 1218 gold pieces.
You spent 121 gold pieces at shops.

Inventory:

Hand Weapons
 c - a +0 vorpal hunting sling
 k - a +1 demon whip of venom
 w - a +2 dagger of freezing
 y - the +8 whip "Snakebite" {venom, curare, rPois}
   (You found it on level 2 of the Lair of Beasts)

   It poisons the flesh of those it strikes.
   It occasionally inflicts asphyxiating poison on those it strikes, dealing
   poison damage and causing slowness.
   rPois:     It protects you from poison.
 E - a +0 hand axe of electrocution
 J - a +3 long sword
 K - a +3 dagger
 M - a +0 hand axe of flaming
 N - a +1 dagger of flaming
 V - a +6 demon blade of protection (weapon)
Missiles
 d - 6 javelins
 h - 18 poisoned darts
 F - 2 throwing nets
Armour
 g - a +1 pair of boots (worn)
 m - a +1 helmet (worn)
 n - a +0 cloak (worn)
 p - a +0 buckler of protection (worn)
 r - the +1 robe of Vines (worn) {NoPotionHeal Regen++++}
   (You found it on level 10 of the Dungeon)

   Its wearer cannot be healed by potions.
   Regen:     It increases your rate of health regeneration.
Jewellery
 a - an amulet of magic regeneration (around neck)
 e - the ring "Biacs" (right hand) {rN+ Int+4}
   (You found it on level 3 of the Lair of Beasts)

   [ring of positive energy]

   Int:       It affects your intelligence (+4).
   rN:        It protects you from negative energy.
 f - a ring of flight
 o - a +4 ring of protection (left hand)
 D - a +4 ring of evasion
 Q - a ring of wizardry
 U - a +4 ring of evasion
Wands
 l - a wand of flame (13)
 q - a wand of iceblast (11)
Scrolls
 i - 3 scrolls of immolation
 j - 7 scrolls of teleportation
 A - 2 scrolls of summoning
 C - a scroll of fog
 L - a scroll of holy word {unknown}
 O - a scroll of acquirement {unknown}
 T - a scroll of enchant armour
Potions
 b - 2 potions of magic
 s - a potion of cancellation
 t - 3 potions of curing
 u - a potion of degeneration
 v - 2 potions of flight
 z - 3 potions of heal wounds
 B - 8 potions of ambrosia
 G - a potion of brilliance
 H - 5 potions of lignification
 I - 3 potions of mutation
Miscellaneous
 P - a box of beasts (inert)
 R - a tin of tremorstones (2/2)
 S - a condenser vane


   Skills:
 + Level 9.8 Fighting
 + Level 9.8 Short Blades
 + Level 9.8 Long Blades
 + Level 9.8 Axes
 + Level 9.8 Maces & Flails
 + Level 12.7 Polearms
 + Level 9.8 Staves
 + Level 9.8 Slings
 + Level 9.8 Bows
 + Level 9.8 Crossbows
 + Level 9.8 Throwing
 + Level 9.8 Armour
 + Level 10.8 Dodging
 + Level 10.7 Stealth
 + Level 9.8 Shields
 + Level 9.8 Unarmed Combat
 + Level 11.0 Spellcasting
 + Level 8.2 Conjurations
 + Level 8.2 Hexes
 + Level 8.2 Summonings
 + Level 8.2 Necromancy
 + Level 8.2 Translocations
 + Level 8.2 Transmutations
 + Level 8.2 Fire Magic
 + Level 10.9 Ice Magic
 + Level 8.2 Air Magic
 + Level 8.2 Earth Magic
 + Level 8.2 Poison Magic
 + Level 10.7 Invocations
 + Level 9.8 Evocations


You had 8 spell levels left.
You knew the following spells:

 Your Spells              Type           Power      Damage    Failure   Level
a - Freeze                Ice            100%       1d11      1%          1
b - Frozen Ramparts       Ice            100%       1d12      1%          3
c - Ozocubu's Armour      Ice            56%        N/A       1%          3
d - Hailstorm             Conj/Ice       52%        3d12      1%          4
e - Swiftness             Air            48%        N/A       1%          3
f - Blink                 Tloc           96%        N/A       1%          2
g - Mephitic Cloud        Conj/Pois/Air  48%        N/A       1%          3
h - Airstrike             Air            24%        N/A       2%          4
i - Borgnjor's Vile Clut  Necr/Erth      24%        N/A       6%          5

Your spell library contained the following spells:

 Spells                   Type           Power      Damage    Failure   Level
 Beastly Appendage        Tmut           96%        N/A       1%          1
 Pain                     Necr           100%       1d9       1%          1
 Shock                    Conj/Air       100%       1d9       1%          1
 Sting                    Tmut/Pois      100%       1d8       1%          1
 Summon Small Mammal      Summ           100%       N/A       1%          1
 Poisonous Vapours        Pois/Air       96%        N/A       1%          2
 Wereblood                Tmut           48%        N/A       1%          2
 Call Canine Familiar     Summ           48%        N/A       1%          3
 Confusing Touch          Hex            48%        N/A       1%          3
 Conjure Flame            Conj/Fire      48%        6-21      1%          3
 Ignite Poison            Fire/Tmut/Pois 48%        N/A       1%          3
 Spider Form              Tmut/Pois      48%        N/A       1%          3
 Summon Guardian Golem    Hex/Summ       48%        N/A       1%          3
 Olgreb's Toxic Radiance  Pois           48%        N/A       2%          4
 Sticky Flame             Conj/Fire      48%        2d7       2%          4
 Summon Lightning Spire   Summ/Air       48%        N/A       2%          4
 Metabolic Englaciation   Hex/Ice        26%        N/A       3%          5
 Freezing Cloud           Conj/Ice/Air   25%        6-21      4%          5
 Agony                    Necr           48%        N/A       6%          5
 Alistair's Intoxication  Tmut/Pois      32%        N/A       6%          5
 Excruciating Wounds      Necr           24%        N/A       6%          5
 Lightning Bolt           Conj/Air       24%        1d39      6%          5
 Manifold Assault         Tloc           48%        N/A       6%          5
 Yara's Violent Unravell  Hex/Tmut       24%        3d11      6%          5
 Simulacrum               Ice/Necr       26%        N/A       21%         6
 Eringya's Noxious Bog    Tmut/Pois      24%        N/A       34%         6
 Ozocubu's Refrigeration  Ice            28%        4d10      54%         7
 Enfeeble                 Hex            24%        N/A       88%         7
 Storm Form               Tmut/Air       24%        N/A       88%         7
 Ignition                 Fire           24%        3d8       100%        8
 Polar Vortex             Ice            28%        N/A       100%        9


Dungeon Overview and Level Annotations

Branches:
Dungeon (10/15)            Temple (1/1) D:6            Lair (6/6) D:10
  Swamp (0/4) Lair:2        Snake (0/4) Lair:3        Slime (0/5) Lair:5
    Orc (0/2) D:9

Altars:
Ashenzari
Cheibriados
Dithmenos
Elyvilon
Fedhas
Gozag
Kikubaaqudgha
Makhleb
Okawaru
Qazlal
Ru
Sif Muna
Trog
Uskayaw
Vehumet
Wu Jian
Xom
Yredelemnul
Zin
The Shining One
Jiyva

Shops:
D:3 *

Annotations:
D:3 1 runed translucent door, Crazy Yiuf, Grinder
D:10 2 transporters, HendSelp's ghost, journeyman VSFi
Lair:6 1 transporter, Olebroam's ghost, journeyman OgIE


Innate Abilities, Weirdness & Mutations

You have very sharp teeth.
Your uncanny sense of smell can sniff out nearby items.
Your experience applies equally to all skills.


Message History

Your system rejects the healing.
You feel better.
Olebroam's ghost gestures wildly while chanting.
An electric hum fills the air.
Okay, then.
Okay, then.
Okay, then.
Okay, then.
Casting: Ozocubu's Armour (safe; 1% risk of failure)
Confirm with . or Enter, or press ? or * to list all spells.
Aiming: Borgnjor's Vile Clutch (dangerous; 6% risk of failure)
Press: ? - help, Shift-Dir - straight line, f - lightning spire, p - Olebroam's ghost
Aim: a lightning spire (summoned, umbra, 100% to hit)
Okay, then.
Casting: Borgnjor's Vile Clutch (dangerous; 6% risk of failure)
Confirm with . or Enter, or press ? or * to list all spells.
Aiming: Airstrike (mildly dangerous; 2% risk of failure)
Press: ? - help, Dir - move target, f/p - Olebroam's ghost
Aim: Olebroam's ghost, wielding a weapon of venom (severely damaged, covered in acid, ally target, umbra, empty space bonus: 7/8)
The air twists around and strikes Olebroam's ghost!!
Olebroam's ghost is almost destroyed.
Olebroam's ghost closely misses you.
The lightning spire shoots out a bolt of lightning at you!
The bolt of electricity hits you.
* * * LOW HITPOINT WARNING * * *
The bolt of electricity hits you!
* * * LOW HITPOINT WARNING * * *
The bolt of electricity hits the lightning spire.
The lightning spire completely resists.
Your juvenile stingweird beast stings Olebroam's ghost from afar!
Casting: Airstrike (mildly dangerous; 2% risk of failure)
Confirm with . or Enter, or press ? or * to list all spells.
Aiming: Airstrike (mildly dangerous; 2% risk of failure)
Press: ? - help, Dir - move target, f/p - Olebroam's ghost
Aim: Olebroam's ghost, wielding a weapon of venom (almost destroyed, covered in acid, ally target, umbra, empty space bonus: 7/8)
You miscast Airstrike.
You are very lightly contaminated with residual magic.
Nothing appears to happen.
Olebroam's ghost barely misses you.
The lightning spire shoots out a bolt of lightning at you!
The bolt of electricity hits you!
You die...

..........................###
..........................#
.........................##
............#########....#
....##.....##©......##...#
....#.#....#8..#.#..8#...#
....###....#..#...#..#...#
....#......#!...W....#...#
....##.#..©#!...@†.†.#©..##
...####....#[...H8...#...P# ...#
#....#$.#...#..#...## .###
###[.#8..#.#..8#..## #####
##..##.......##..#
###P####....#########...#
......##................# #
.......................##### ###
..........##...........PP..####..


You could see a lightning spire (summoned), Olebroam's ghost (corroded, ally
target) and a friendly juvenile stingweird beast (summoned).

Vanquished Creatures
  The ghost of Ruicvywi the Grappler, a journeyman OgTm of Okawaru (Lair:3)
  Josephine (D:10)
  6 hydras
  A catoblepas (Lair:6)
  3 two-headed ogres
  A deep troll shaman (Lair:6)
  10 death yaks (Lair:6)
  Urug (Lair:2)
  Amaemon (Lair:2)
  Pikel (D:8)
  A manticore (Lair:6)
  2 moths of wrath (Lair:3)
  7 black mambas
  An orange demon (Lair:2)
  16 elephants
  8 cane toads
  12 komodo dragons
  4 rime drakes
  3 trolls (D:10)
  4 polar bears
  A queen bee (Lair:4)
  3 meliai (Lair:4)
  Prince Ribbit (Lair:3)
  19 blink frogs
  A dream sheep (Lair:6)
  Sigmund (D:6)
  4 wraiths
  6 wyverns
  18 yaks
  5 basilisks
  2 steam dragons
  5 nagas (Lair:3)
  20 water moccasins
  An acid dragon (D:9)
  5 orc warriors
  3 black bears
  7 wolves
  5 centaurs
  A phantom (D:5)
  A kobold brigand (D:5)
  2 necrophages
  7 bullfrogs
  A scorpion (D:10)
  9 wights
  25 killer bees
  3 electric eels
  7 howler monkeys
  4 crimson imps (D:7)
  A gnoll shaman (D:9)
  3 hounds
  8 orc priests
  Ijyb (D:3)
  6 hell rats (Lair:1)
  5 iguanas
  Natasha (thrice) (D:2)
  4 orc wizards
  Robin (D:2)
  13 adders
  14 gnolls
  A shadow imp (D:5)
  2 ufetubi
  3 worms
  4 dart slugs
  26 orcs
  4 endoplasms
  3 giant cockroaches
  14 goblins
  10 hobgoblins
  6 jackals (D:1)
  3 quokkas
  6 ball pythons
  11 bats
  2 frilled lizards
  10 kobolds
  4 rats
  A spectral kobold (D:3)
420 creatures vanquished.

Vanquished Creatures (others)
  A water moccasin (Lair:6)
  A bush (D:10)
  15 fungi
  66 plants
83 creatures vanquished.

Grand Total: 503 creatures vanquished

Notes
Turn   | Place    | Note
-------+----------+-------------------------------------------
     0 | D:1      | Zonian the Gnoll Ice Elementalist began the quest for the
                  | Orb.
     0 | D:1      | Reached XP level 1. HP: 13/13 MP: 6/6
   480 | D:1      | Reached XP level 2. HP: 19/19 MP: 7/7
   909 | D:1      | Reached XP level 3. HP: 25/25 MP: 7/9
   917 | D:1      | Learned a level 3 spell: Frozen Ramparts
   921 | D:1      | Learned a level 3 spell: Ozocubu's Armour
  1089 | D:1      | Reached skill level 5 in Spellcasting
  1241 | D:2      | Noticed Natasha
  1463 | D:2      | Killed Natasha
  1464 | D:2      | Reached skill level 1 in Fighting
  1464 | D:2      | Reached skill level 1 in Short Blades
  1464 | D:2      | Reached skill level 1 in Long Blades
  1464 | D:2      | Reached skill level 1 in Axes
  1464 | D:2      | Reached skill level 1 in Maces & Flails
  1464 | D:2      | Reached skill level 1 in Polearms
  1464 | D:2      | Reached skill level 1 in Staves
  1464 | D:2      | Reached skill level 1 in Slings
  1464 | D:2      | Reached skill level 1 in Bows
  1464 | D:2      | Reached skill level 1 in Crossbows
  1464 | D:2      | Reached skill level 1 in Throwing
  1464 | D:2      | Reached skill level 1 in Armour
  1464 | D:2      | Reached skill level 1 in Shields
  1464 | D:2      | Reached skill level 1 in Unarmed Combat
  1464 | D:2      | Reached skill level 1 in Invocations
  1464 | D:2      | Reached skill level 1 in Evocations
  1485 | D:2      | Noticed Natasha
  1510 | D:2      | Killed Natasha
  1511 | D:2      | Reached XP level 4. HP: 24/32 MP: 7/11
  1907 | D:2      | Reached skill level 1 in Conjurations
  1907 | D:2      | Reached skill level 1 in Hexes
  1907 | D:2      | Reached skill level 1 in Summonings
  1907 | D:2      | Reached skill level 1 in Necromancy
  1907 | D:2      | Reached skill level 1 in Translocations
  1907 | D:2      | Reached skill level 1 in Transmutations
  1907 | D:2      | Reached skill level 1 in Fire Magic
  1907 | D:2      | Reached skill level 1 in Air Magic
  1907 | D:2      | Reached skill level 1 in Earth Magic
  1907 | D:2      | Reached skill level 1 in Poison Magic
  2001 | D:2      | Noticed Natasha
  2006 | D:2      | Killed Natasha
  2007 | D:2      | Reached XP level 5. HP: 22/37 MP: 4/12
  2297 | D:2      | Noticed Robin
  2309 | D:2      | Killed Robin
  3193 | D:3      | Found Jota's Assorted Antiques.
  3206 | D:3      | Bought a dark potion for 23 gold pieces
  3206 | D:3      | Bought a murky ruby potion for 23 gold pieces
  3206 | D:3      | Bought a scroll labelled JITID NIUTIN for 26 gold pieces
  3206 | D:3      | Bought a green potion for 23 gold pieces
  3206 | D:3      | Bought a scroll labelled WYXKOS XEZOC for 26 gold pieces
  3316 | D:3      | Found a faded altar of an unknown god.
  3472 | D:3      | Noticed Ijyb
  3494 | D:3      | Killed Ijyb
  3495 | D:3      | Reached XP level 6. HP: 25/44 MP: 8/13
  3932 | D:3      | Noticed Grinder
  4181 | D:3      | Found a runed translucent door.
  4182 | D:3      | Noticed Crazy Yiuf
  4435 | D:4      | Reached skill level 5 in Dodging
  4752 | D:4      | Reached skill level 2 in Polearms
  5037 | D:4      | Found a blossoming altar of Fedhas.
  5279 | D:5      | Entered Level 5 of the Dungeon
  5934 | D:5      | Reached XP level 7. HP: 39/50 MP: 10/15
  6497 | D:5      | Reached skill level 5 in Stealth
  6883 | D:6      | Found a staircase to the Ecumenical Temple.
  6906 | Temple   | Entered the Ecumenical Temple
  6967 | Temple   | Became a worshipper of Dithmenos the Shadowed
  7029 | D:6      | Found a broken altar of Ashenzari.
  7104 | D:6      | Reached XP level 8. HP: 57/57 MP: 10/16
  7171 | D:6      | Reached skill level 3 in Polearms
  7798 | D:6      | Noticed Sigmund
  7899 | D:6      | Killed Sigmund
  8182 | D:6      | Found a shimmering blue altar of Sif Muna.
  8189 | D:6      | Found a hide-covered altar of Uskayaw.
  8831 | D:7      | Noticed a wyvern
  8850 | D:6      | Killed a wyvern
  9428 | D:7      | Reached XP level 9. HP: 39/65 MP: 14/18
  9434 | D:7      | Learned a level 4 spell: Hailstorm
  9829 | D:7      | Found a shimmering altar of Xom.
  9885 | D:7      | Reached skill level 4 in Polearms
 10078 | D:8      | Noticed a two-headed ogre
 10098 | D:7      | Reached * piety under Dithmenos
 10293 | D:8      | Found a burning altar of Makhleb.
 10338 | D:8      | HP: 3/65 [two-headed ogre/+0 giant club (15)]
 10340 | D:8      | Killed a two-headed ogre
 10341 | D:8      | Reached skill level 5 in Invocations
 10628 | D:8      | Noticed Pikel
 10637 | D:8      | Reached XP level 10. HP: 24/73 MP: 14/20
 11301 | D:8      | Killed Pikel
 11302 | D:8      | Reached skill level 5 in Fighting
 11302 | D:8      | Reached skill level 5 in Short Blades
 11302 | D:8      | Reached skill level 5 in Long Blades
 11302 | D:8      | Reached skill level 5 in Axes
 11302 | D:8      | Reached skill level 5 in Maces & Flails
 11302 | D:8      | Reached skill level 5 in Polearms
 11302 | D:8      | Reached skill level 5 in Staves
 11302 | D:8      | Reached skill level 5 in Slings
 11302 | D:8      | Reached skill level 5 in Bows
 11302 | D:8      | Reached skill level 5 in Crossbows
 11302 | D:8      | Reached skill level 5 in Throwing
 11302 | D:8      | Reached skill level 5 in Armour
 11302 | D:8      | Reached skill level 5 in Shields
 11302 | D:8      | Reached skill level 5 in Unarmed Combat
 11302 | D:8      | Reached skill level 5 in Evocations
 12192 | D:9      | Learned a level 3 spell: Swiftness
 12294 | D:9      | You fall into a shaft and drop 1 floor!
 12294 | D:10     | Entered Level 10 of the Dungeon
 12295 | D:10     | Found a transporter.
 12296 | D:10     | Noticed a gargoyle
 12297 | D:10     | Noticed a boulder beetle
 12308 | D:10     | Noticed HendSelp's ghost (journeyman VSFi)
 12327 | D:10     | Found a transporter.
 12355 | D:9      | Found a staircase to the Orcish Mines.
 12591 | D:9      | Found an opulent altar of Gozag.
 13248 | D:9      | Noticed a two-headed ogre
 13336 | D:9      | Learned a level 2 spell: Blink
 13383 | D:9      | Killed a two-headed ogre
 13783 | D:10     | Reached skill level 6 in Polearms
 13809 | D:10     | Reached ** piety under Dithmenos
 13819 | D:10     | Reached XP level 11. HP: 65/81 MP: 14/22
 13835 | D:10     | Noticed a two-headed ogre
 14017 | D:10     | Found a staircase to the Lair.
 14033 | D:10     | Reached skill level 5 in Conjurations
 14033 | D:10     | Reached skill level 5 in Hexes
 14033 | D:10     | Reached skill level 5 in Summonings
 14033 | D:10     | Reached skill level 5 in Necromancy
 14033 | D:10     | Reached skill level 5 in Translocations
 14033 | D:10     | Reached skill level 5 in Transmutations
 14033 | D:10     | Reached skill level 5 in Fire Magic
 14033 | D:10     | Reached skill level 5 in Air Magic
 14033 | D:10     | Reached skill level 5 in Earth Magic
 14033 | D:10     | Reached skill level 5 in Poison Magic
 14307 | D:10     | Noticed Josephine
 14338 | D:10     | Killed Josephine
 14339 | D:10     | Reached skill level 7 in Polearms
 15111 | D:10     | Noticed a four-headed hydra
 15156 | D:10     | Learned a level 3 spell: Mephitic Cloud
 15161 | D:10     | Learned a level 4 spell: Airstrike
 15201 | D:10     | Found the +1 robe of Vines {NoPotionHeal Regen++++}
 15386 | D:10     | Killed a two-headed ogre
 15464 | D:10     | Killed a one-headed hydra
 15835 | Lair:1   | Entered Level 1 of the Lair of Beasts
 16324 | Lair:1   | Reached skill level 8 in Polearms
 16517 | Lair:1   | Reached *** piety under Dithmenos
 16665 | Lair:1   | Reached XP level 12. HP: 89/89 MP: 22/24
 17350 | Lair:2   | Found a staircase to the Swamp.
 17725 | Lair:2   | Noticed Amaemon
 17874 | Lair:2   | Reached skill level 9 in Polearms
 17874 | Lair:2   | Reached XP level 13. HP: 97/97 MP: 24/26
 17875 | Lair:2   | Reached skill level 10 in Polearms
 17875 | Lair:2   | Reached XP level 14. HP: 105/105 MP: 24/27
 17889 | Lair:2   | Killed Amaemon
 17932 | Lair:2   | Noticed Urug
 17995 | Lair:2   | Killed Urug
 18275 | Lair:2   | Reached skill level 10 in Ice Magic
 18544 | Lair:2   | Found the +8 whip "Snakebite" {venom, curare, rPois}
 19067 | Lair:3   | Reached **** piety under Dithmenos
 19090 | Lair:3   | Noticed Prince Ribbit
 19108 | Lair:3   | Reached skill level 10 in Spellcasting
 19115 | Lair:3   | Killed Prince Ribbit
 19313 | Lair:3   | Noticed Ruicvywi's ghost (journeyman OgTm)
 19347 | Lair:3   | Found a transporter.
 19367 | Lair:3   | Found a transporter.
 19399 | Lair:3   | Found a staircase to the Snake Pit.
 19421 | Lair:3   | Reached skill level 11 in Polearms
 19716 | Lair:3   | Identified the -5 helmet of Cowardice {rN+ rCorr}
 20498 | Lair:4   | Found a bloodstained altar of Trog.
 20683 | Lair:4   | Reached skill level 10 in Dodging
 21093 | Lair:5   | Found a viscous altar of Jiyva.
 21096 | Lair:5   | Found a staircase to the Slime Pits.
 21253 | Lair:5   | Reached skill level 10 in Stealth
 21364 | Lair:5   | Identified the +0 chain mail "Jaupp" {rPois rC+}
 21975 | Lair:6   | Entered Level 6 of the Lair of Beasts
 21981 | Lair:6   | Reached ***** piety under Dithmenos
 22225 | Lair:6   | Reached skill level 10 in Invocations
 22237 | Lair:6   | Reached XP level 15. HP: 102/113 MP: 5/29
 22339 | Lair:6   | Found a transporter.
 22339 | Lair:6   | Noticed Olebroam's ghost (journeyman OgIE)
 22357 | Lair:6   | Found a transporter.
 22447 | Lair:6   | Reached skill level 12 in Polearms
 23997 | Lair:3   | Killed Ruicvywi's ghost
 23999 | Lair:3   | Identified the ring "Biacs" {rN+ Int+4}
 24030 | Lair:3   | Learned a level 5 spell: Borgnjor's Vile Clutch
 24154 | Lair:6   | Killed from afar by a lightning spire

Illustrated notes

Levels and vault maps discovered:
D:1:      amcnicky_arrival_underground_garden, layout_loops_ring
D:2:      layout_basic, uniq_natasha, uniq_robin
D:3:      layout_rooms, serial_shops, nicolae_shop_overgrown_old_shop,
          dreamdust_ecumenical_altar_drowned_temple, gammafunk_ghost_necromancy,
          kennysheep_generic_room_6, uniq_crazy_yiuf_cottage, uniq_grinder,
          uniq_ijyb
D:4:      layout_loops_ring, mainiacjoe_overflow_alcove_1,
          chequers_serial_rivers_room_a
D:5:      layout_loops_cross, nicolae_concentric_dashed_squares_wild
D:6:      layout_layer_cave, mainiacjoe_overflow_brackets,
          mainiacjoe_overflow_big_doors, minmay_temple_entry_trees, uniq_sigmund
D:7:      layout_cave_pools, led_xom_imps
D:8:      layout_cave_pools, kennysheep_mini, nicolae_water_bricks,
          minmay_manual_mares, uniq_pikel
D:9:      layout_loops_corners, lemuel_round_altar, orc_0_dummy
D:10:     layout_basic, minmay_lair_entry_grove, gammafunk_ghost_arena,
          hellmonk_guarded_unrand_vines, uniq_josephine
Temple:   regret_index_temple_waves
Lair:1:   layout_roguey, lemuel_fruit_tree
Lair:2:   minmay_guarded_unrand_snakebite, layout_hall_layers, swamp_mist,
          uniq_amaemon, uniq_urug
Lair:3:   layout_roguey, minmay_snake_entry_guardpost_medium,
          gammafunk_ghost_berserking_beasts, grunt_megastairs_2,
          uniq_prince_ribbit2
Lair:4:   layout_gridlike, special_room [special_room_bee], basic_altar,
          serial_bayou_lake_a, serial_bayou_shore_a
Lair:5:   layout_small_grid, slime_altar_1, serial_rivers,
          chequers_serial_rivers_large_b, chequers_serial_rivers_room_a,
          chequers_serial_rivers_micro_e, chequers_serial_rivers_small_3
Lair:6:   grunt_lair_end_beastmaster, layout_cave_pods, gammafunk_ghost_arena,
          serial_bayou_shore_b, grunt_megastairs_4

Skill      XL: |  1  2  3  4  5  6  7  8  9 10 11 12 13 14 15 |
---------------+----------------------------------------------+-----
Spellcasting   | 5 6 7 8 9 10 11 | 11.0
Fighting       | 1 2 3 4 5 6 7 8 9 |  9.8
Short Blades   | 1 2 3 4 5 6 7 8 9 |  9.8
Long Blades    | 1 2 3 4 5 6 7 8 9 |  9.8
Axes           | 1 2 3 4 5 6 7 8 9 |  9.8
Maces & Flails | 1 2 3 4 5 6 7 8 9 |  9.8
Polearms       | 1 2 3 4 6 8 9 10 11 12 | 12.7
Staves         | 1 2 3 4 5 6 7 8 9 |  9.8
Slings         | 1 2 3 4 5 6 7 8 9 |  9.8
Bows           | 1 2 3 4 5 6 7 8 9 |  9.8
Crossbows      | 1 2 3 4 5 6 7 8 9 |  9.8
Throwing       | 1 2 3 4 5 6 7 8 9 |  9.8
Armour         | 1 2 3 4 5 6 7 8 9 |  9.8
Shields        | 1 2 3 4 5 6 7 8 9 |  9.8
Unarmed Combat | 1 2 3 4 5 6 7 8 9 |  9.8
Invocations    | 1 2 3 4 5 6 7 8 10 | 10.7
Evocations     | 1 2 3 4 5 6 7 8 9 |  9.8
Conjurations   | 1 2 3 4 5 6 7 8 |  8.2
Hexes          | 1 2 3 4 5 6 7 8 |  8.2
Summonings     | 1 2 3 4 5 6 7 8 |  8.2
Necromancy     | 1 2 3 4 5 6 7 8 |  8.2
Translocations | 1 2 3 4 5 6 7 8 |  8.2
Transmutations | 1 2 3 4 5 6 7 8 |  8.2
Fire Magic     | 1 2 3 4 5 6 7 8 |  8.2
Air Magic      | 1 2 3 4 5 6 7 8 |  8.2
Earth Magic    | 1 2 3 4 5 6 7 8 |  8.2
Poison Magic   | 1 2 3 4 5 6 7 8 |  8.2
Dodging        | 5 6 7 8 9 10 | 10.8
Stealth        | 5 6 7 8 9 10 | 10.7
Ice Magic      | 8 9 10 | 10.9

Action                   |  1- 3 |  4- 6 |  7- 9 | 10-12 | 13-15 || total
-------------------------+-------+-------+-------+-------+-------++-------
Melee: Hand axe          |     7 |       |   168 |   100 |       ||   275
       Dagger            |    40 |   137 |    26 |   247 |   126 ||   576
       Bite              |     2 |    23 |    27 |    53 |   105 ||   210
       Punch             |     1 |       |       |       |       ||     1
       Whip              |       |       |       |       |   522 ||   522
       Demon whip        |       |       |       |       |     2 ||     2
       Demon blade       |       |       |       |       |    24 ||    24
Throw: Dart              |       |       |     9 |     1 |       ||    10
       Throwing net      |       |       |       |     2 |     1 ||     3
 Cast: Freeze            |    23 |    74 |    38 |     1 |       ||   136
       Frozen Ramparts   |     2 |     7 |    17 |    36 |    32 ||    94
       Ozocubu's Armour  |       |       |     6 |     7 |     6 ||    19
       Hailstorm         |       |       |     1 |     1 |    15 ||    17
       Mephitic Cloud    |       |       |       |       |     1 ||     1
       Blink             |       |       |       |       |     1 ||     1
       Airstrike         |       |       |       |       |     1 ||     1
Evoke: Wand              |       |       |     8 |    19 |    11 ||    38
       Box of beasts     |       |       |       |       |     1 ||     1
  Use: Scroll            |       |     7 |     7 |     6 |     9 ||    29
       Potion            |       |       |     1 |     2 |     2 ||     5
 Stab: Sleeping          |     1 |     9 |     4 |     4 |    18 ||    36
       Distracted        |       |       |     1 |       |       ||     1
       Held in net/web   |       |       |       |       |     1 ||     1
Armor: Robe              |    15 |    80 |    68 |    52 |   174 ||   389
       Steam dragon scal |       |       |       |    34 |       ||    34
Dodge: Dodged            |    47 |   129 |   163 |   218 |   418 ||   975
Block: Buckler           |       |    30 |    56 |    63 |   158 ||   307

Table legend: (Time is in decaauts)
 A = Elapsed time spent in this place.
 B = Non-inter-level travel time spent in this place.
 C = Inter-level travel time spent in this place.
 D = Time resting spent in this place.
 E = Time spent auto-exploring this place.
 F = Levels seen in this place.
 G = Mean time per level.
                   A        B        C        D        E       F      G
               +--------+--------+--------+--------+--------+-----+--------+
         Total |  23967 |  23116 |    851 |   7373 |   9937 |  17 | 1409.8 |
       Dungeon |  15723 |  15199 |    524 |   5334 |   6281 |  10 | 1572.3 |
        Temple |    119 |     61 |     58 |      0 |     43 |   1 |  119.0 |
          Lair |   8123 |   7854 |    269 |   2039 |   3613 |   6 | 1353.8 |
               +--------+--------+--------+--------+--------+-----+--------+

Top non-repeatable levels by time:
     D:6: 2288 daAuts
    D:10: 2095 daAuts
  Lair:6: 1841 daAuts
     D:2: 1667 daAuts
     D:9: 1557 daAuts
     D:8: 1512 daAuts
     D:5: 1493 daAuts
     D:7: 1485 daAuts
  Lair:1: 1453 daAuts
  Lair:3: 1449 daAuts
     D:1: 1430 daAuts
  Lair:2: 1400 daAuts
     D:3: 1192 daAuts
     D:4: 1000 daAuts
  Lair:4: 991 daAuts
